 Dungeon Crawl Stone Soup version 0.21-a0-578-gc6e9d75 (webtiles) character file.

1371 tidbits the Digger (level 8, -14/58 HPs)
             Began as a Gnoll Earth Elementalist on Dec 18, 2017.
             Killed from afar by a wizard (26 damage)
             ... with a bolt of lightning
             ... on level 7 of the Dungeon.
             The game lasted 00:12:31 (1298 turns).

tidbits the Digger (Gnoll Earth Elementalist)       Turns: 1298, Time: 00:12:31

Health: -14/58     AC:  7    Str: 10    XL:     8   Next: 65%
Magic:  11/17      EV: 15    Int: 21    God:
Gold:   233        SH:  0    Dex: 15    Spells: 16/19 levels left

rFire    . . .     SeeInvis .   f - +0 short sword
rCold    . . .     Gourm    .   (no shield)
rNeg     . . .     Faith    .   c - +1 robe
rPois    .         Spirit   .   z - +0 helmet
rElec    .         Reflect  .   (no cloak)
rCorr    .         Harm     +   G - +2 pair of gloves
MR       .....                  (no boots)
Stlth    +++.......             k - amulet of harm
HPRegen  0.19/turn              (no ring)
MPRegen  0.15/turn              (no ring)

@: no status effects
A: distributed training, fangs 1, strong nose
a: no special abilities


You were on level 7 of the Dungeon.
You were not hungry.

You visited 1 branch of the dungeon, and saw 6 of its levels.

You collected 233 gold pieces.

Inventory:

Hand Weapons
 a - a +0 dagger
 f - a +0 short sword (weapon)
 j - a +0 flail
 q - a +0 mace of venom
   (You took it off a kobold on level 2 of the Dungeon)
 v - a +0 short sword
 x - a +0 battleaxe
Missiles
 b - 110 stones (quivered)
 h - 18 arrows
 t - 12 tomahawks
Armour
 c - a +1 robe (worn)
 g - a +0 pair of gloves
 z - a +0 helmet (worn)
 G - a +2 pair of gloves (worn)
Jewellery
 k - an amulet of harm (around neck)
   (You found it on level 3 of the Dungeon)
Scrolls
 i - 2 scrolls of random uselessness {unknown}
 l - 2 scrolls of remove curse
 p - a scroll of teleportation {unknown}
 u - 2 scrolls of noise
 y - a scroll of immolation {unknown}
Potions
 m - a potion of agility {unknown}
 n - a potion of berserk rage {unknown}
 o - a potion of lignification {unknown}
 r - 3 potions of curing {unknown}
 A - a potion of flight {unknown}
Books
 e - a book of Geomancy

   Spells                             Type                      Level
   a - Sandblast                      Earth                        1
   b - Passwall                       Transmutation/Earth          2
   c - Stone Arrow                    Conjuration/Earth            3
   d - Petrify                        Transmutation/Earth          4
   e - Lee's Rapid Deconstruction     Earth                        5
 w - a book of Maledictions
   (You found it on level 6 of the Dungeon)

   Spells                             Type                      Level
   a - Corona                         Hexes                        1
   b - Ensorcelled Hibernation        Hexes/Ice                    2
   c - Confuse                        Hexes                        3
   d - Tukima's Dance                 Hexes                        3
   e - Dazzling Spray                 Conjuration/Hexes            3
Comestibles
 d - 6 rations


   Skills:
 + Level 3.4 Fighting
 + Level 3.4 Short Blades
 + Level 3.4 Long Blades
 + Level 3.4 Axes
 + Level 3.4 Maces & Flails
 + Level 3.4 Polearms
 + Level 3.4 Staves
 + Level 3.4 Slings
 + Level 3.4 Bows
 + Level 3.4 Crossbows
 + Level 3.4 Throwing
 + Level 3.4 Armour
 + Level 5.7 Dodging
 + Level 5.4 Stealth
 + Level 3.4 Shields
 + Level 3.4 Unarmed Combat
 + Level 6.1 Spellcasting
 + Level 2.7 Conjurations
 + Level 2.7 Hexes
 + Level 2.7 Charms
 + Level 2.7 Summonings
 + Level 2.7 Necromancy
 + Level 2.7 Translocations
 + Level 3.5 Transmutations
 + Level 2.7 Fire Magic
 + Level 2.7 Ice Magic
 + Level 2.7 Air Magic
 + Level 6.2 Earth Magic
 + Level 2.7 Poison Magic
 + Level 3.7 Invocations
 + Level 3.4 Evocations


You had 16 spell levels left.
You knew the following spells:

 Your Spells              Type           Power        Failure   Level  Hunger
a - Sandblast             Erth           ####..       1%          1    None
w - Passwall              Tmut/Erth      ####......   1%          2    None


Dungeon Overview and Level Annotations

Branches:
Dungeon (7/15)             Temple (0/1) D:7

Altars:
Dithmenos
Gozag
Wu Jian

Annotations:
D:3 Terence
D:7 Ketzopolo's ghost, novice DsBe


Innate Abilities, Weirdness & Mutations

Your experience applies equally to all skills.
You have very sharp teeth.
Your uncanny sense of smell can sniff out nearby items.


Message History

You destroy the quokka zombie!
b - 116 stones You see here a pair of gloves.
g - a pair of gloves
As you read the scroll of magic mapping, it crumbles to dust.
You feel aware of your surroundings.
A crimson imp comes into view.
Ketzopolo's ghost (novice Demonspawn Berserker) comes into view.
It is wielding an antimagic weapon.
Found a robe and a club.
Found a scroll labeled REW EJALAF JEIG.
You see here a scroll labeled REW EJALAF JEIG.
i - 2 scrolls labeled REW EJALAF JEIG (gained 1)
An orc sorcerer and a wizard come into view.
The wizard shouts!
The orc sorcerer shouts!
You hear a shout!
The wizard mumbles some strange words.
The wizard flickers and vanishes!
Found a ration.
Found 7 gold pieces.
Casting: Sandblast
Confirm with . or Enter, or press ? or * to list all spells.
Aiming: Sandblast
Press: ? - help, Shift-Dir - straight line, f - orc sorcerer
Aim: an orc sorcerer, wielding a dagger and wearing a robe The blast of sand hits the orc sorcerer.
b - 115 stones
Casting: Sandblast
Confirm with . or Enter, or press ? or * to list all spells.
Aiming: Sandblast
Press: ? - help, Shift-Dir - straight line, f/p - orc sorcerer
Aim: an orc sorcerer, wielding a dagger and wearing a robe The blast of sand hits the orc sorcerer.
The orc sorcerer is heavily wounded.
b - 114 stones A gnoll comes into view. It is wielding a club.
Casting: Sandblast
Confirm with . or Enter, or press ? or * to list all spells.
Aiming: Sandblast
Press: ? - help, Shift-Dir - straight line, f/p - orc sorcerer
Aim: an orc sorcerer, wielding a dagger and wearing a robe (heavily wounded)
The blast of sand hits the orc sorcerer.
You kill the orc sorcerer!
Your Fighting skill increases to level 3!
Your Short Blades skill increases to level 3!
Your Long Blades skill increases to level 3!
Your Axes skill increases to level 3!
Your Maces & Flails skill increases to level 3!
Your Polearms skill increases to level 3!
Your Staves skill increases to level 3!
Your Slings skill increases to level 3!
Your Bows skill increases to level 3!
Your Crossbows skill increases to level 3!
Your Throwing skill increases to level 3!
Your Armour skill increases to level 3!
Your Shields skill increases to level 3!
Your Unarmed Combat skill increases to level 3!
Your Spellcasting skill increases to level 6!
Your Evocations skill increases to level 3!
b - 113 stones A wizard comes into view.
It is wielding a war axe.
Unknown command.
The wizard shouts!
You hit something.
You hear a shout!
Something hits you but does no damage.
You closely miss something. You punch something.
Casting: Sandblast
Confirm with . or Enter, or press ? or * to list all spells.
You don't know that spell.
Casting: Sandblast
Confirm with . or Enter, or press ? or * to list all spells.
Aiming: Sandblast
Press: ? - help, Shift-Dir - straight line
b - 112 stones Something hits you.
Casting: Sandblast
Confirm with . or Enter, or press ? or * to list all spells.
Aiming: Sandblast
Press: ? - help, Shift-Dir - straight line The blast of sand hits something.
b - 111 stones You hear some strange, mumbled words.
A bolt of lightning appears from out of thin air!
The bolt of lightning hits you!
An orc sorcerer comes into view. It is wielding a dagger.
The orc sorcerer shouts!
Casting: Sandblast
Confirm with . or Enter, or press ? or * to list all spells.
Aiming: Sandblast
Press: ? - help, Shift-Dir - straight line The blast of sand hits something.
b - 110 stones Something completely misses you.
The orc sorcerer mumbles some strange words.
A gnoll comes into view. It is wielding a flail.
The wizard points at you and mumbles some strange words.
The bolt of lightning hits you!
* * * LOW HITPOINT WARNING * * *
You hear some strange, mumbled words.
A bolt of lightning appears from out of thin air!
The bolt of lightning hits you!
You die...

*******************###.#.#.####
*,,,,,,,,,,,,,,,,,,....5.......
*,*****************#.#.#.#.#.##
*,* #.#,*,,,#.#< *,*
#.#.#####.## *,* #.#)[.......
*,****##############.#######.##
*>,,,,................# #.#
*****,........@#####..# #.#
**.........# #..# #.#
*.........# #..######.##
*#.#####g.#***#..........#
*,,*,,..p..,,#.##########
**,,,≈≈≈.≈≈≈...#
*,,≈≈##o##≈≈..# *,.≈#*...##≈..#
### *.g≈*,.4%,#≈..# #..


You could see a wizard, an orc sorcerer and a gnoll.

Vanquished Creatures
  An orc sorcerer (D:7)
  An ice beast (D:7)
  2 ogres
  A big kobold (D:7)
  A bullfrog (D:3)
  5 scorpions
  2 orc priests
  3 orc wizards
  A centaur skeleton (D:4)
  A worker ant (D:4)
  Robin (D:6)
  4 adders
  An adder zombie (D:7)
  2 worms
  3 leopard geckos
  13 orcs
  3 bats
  4 giant cockroaches
  8 goblins
  6 hobgoblins
  7 kobolds
  2 quokkas
  A ball python (D:2)
  A frilled lizard (D:2)
  A quokka zombie (D:7)
  2 rats (D:1)
77 creatures vanquished.

Notes
Turn   | Place    | Note
-------+----------+-------------------------------------------
     0 | D:1      | tidbits the Gnoll Earth Elementalist began the quest for the Orb.
     0 | D:1      | Reached XP level 1. HP: 13/13 MP: 6/6
    94 | D:1      | Reached skill level 2 in Transmutations
   123 | D:1      | Reached XP level 2. HP: 15/19 MP: 0/7
   156 | D:2      | Learned a level 2 spell: Passwall
   235 | D:3      | Noticed Robin
   254 | D:3      | Reached skill level 5 in Spellcasting
   254 | D:3      | Reached skill level 1 in Invocations
   254 | D:3      | Reached XP level 3. HP: 17/25 MP: 1/9
   272 | D:3      | Reached skill level 1 in Fighting
   272 | D:3      | Reached skill level 1 in Short Blades
   272 | D:3      | Reached skill level 1 in Long Blades
   272 | D:3      | Reached skill level 1 in Axes
   272 | D:3      | Reached skill level 1 in Maces & Flails
   272 | D:3      | Reached skill level 1 in Polearms
   272 | D:3      | Reached skill level 1 in Staves
   272 | D:3      | Reached skill level 1 in Slings
   272 | D:3      | Reached skill level 1 in Bows
   272 | D:3      | Reached skill level 1 in Crossbows
   272 | D:3      | Reached skill level 1 in Throwing
   272 | D:3      | Reached skill level 1 in Armour
   272 | D:3      | Reached skill level 1 in Shields
   272 | D:3      | Reached skill level 1 in Unarmed Combat
   272 | D:3      | Reached skill level 1 in Evocations
   272 | D:3      | Reached XP level 4. HP: 23/32 MP: 1/11
   292 | D:3      | Reached skill level 1 in Conjurations
   292 | D:3      | Reached skill level 1 in Hexes
   292 | D:3      | Reached skill level 1 in Charms
   292 | D:3      | Reached skill level 1 in Summonings
   292 | D:3      | Reached skill level 1 in Necromancy
   292 | D:3      | Reached skill level 1 in Translocations
   292 | D:3      | Reached skill level 1 in Fire Magic
   292 | D:3      | Reached skill level 1 in Ice Magic
   292 | D:3      | Reached skill level 1 in Air Magic
   292 | D:3      | Reached skill level 1 in Poison Magic
   345 | D:3      | Found an ornate altar of the Wu Jian Council.
   345 | D:3      | Noticed Terence
   383 | D:4      | Noticed an ogre
   442 | D:2      | Noticed an ogre
   464 | D:2      | Killed an ogre
   464 | D:2      | Reached XP level 5. HP: 36/37 MP: 6/12
   645 | D:3      | Reached skill level 2 in Invocations
   645 | D:3      | Reached XP level 6. HP: 44/44 MP: 12/14
   747 | D:4      | Reached skill level 5 in Dodging
   774 | D:4      | Reached skill level 2 in Fighting
   774 | D:4      | Reached skill level 2 in Short Blades
   774 | D:4      | Reached skill level 2 in Long Blades
   774 | D:4      | Reached skill level 2 in Axes
   774 | D:4      | Reached skill level 2 in Maces & Flails
   774 | D:4      | Reached skill level 2 in Polearms
   774 | D:4      | Reached skill level 2 in Staves
   774 | D:4      | Reached skill level 2 in Slings
   774 | D:4      | Reached skill level 2 in Bows
   774 | D:4      | Reached skill level 2 in Crossbows
   774 | D:4      | Reached skill level 2 in Throwing
   774 | D:4      | Reached skill level 2 in Armour
   774 | D:4      | Reached skill level 2 in Shields
   774 | D:4      | Reached skill level 2 in Unarmed Combat
   774 | D:4      | Reached skill level 2 in Evocations
   795 | D:4      | Found an opulent altar of Gozag.
   813 | D:4      | Reached XP level 7. HP: 50/50 MP: 3/15
   893 | D:4      | You fall through a shaft for 3 floors!
   971 | D:6      | Reached skill level 2 in Conjurations
   971 | D:6      | Reached skill level 2 in Hexes
   971 | D:6      | Reached skill level 2 in Charms
   971 | D:6      | Reached skill level 2 in Summonings
   971 | D:6      | Reached skill level 2 in Necromancy
   971 | D:6      | Reached skill level 2 in Translocations
   971 | D:6      | Reached skill level 2 in Fire Magic
   971 | D:6      | Reached skill level 2 in Ice Magic
   971 | D:6      | Reached skill level 2 in Air Magic
   971 | D:6      | Reached skill level 2 in Poison Magic
   999 | D:6      | Reached skill level 3 in Transmutations
  1031 | D:6      | Reached skill level 5 in Stealth
  1123 | D:7      | Reached skill level 3 in Invocations
  1181 | D:6      | Reached skill level 6 in Earth Magic
  1181 | D:6      | Reached XP level 8. HP: 57/57 MP: 12/16
  1194 | D:6      | Killed Robin
  1227 | D:7      | Found a shadowy altar of Dithmenos.
  1260 | D:7      | Noticed Ketzopolo's ghost (novice DsBe)
  1286 | D:7      | Noticed a wizard
  1286 | D:7      | Noticed an orc sorcerer
  1291 | D:7      | Killed an orc sorcerer
  1291 | D:7      | Reached skill level 3 in Fighting
  1291 | D:7      | Reached skill level 3 in Short Blades
  1291 | D:7      | Reached skill level 3 in Long Blades
  1291 | D:7      | Reached skill level 3 in Axes
  1291 | D:7      | Reached skill level 3 in Maces & Flails
  1291 | D:7      | Reached skill level 3 in Polearms
  1291 | D:7      | Reached skill level 3 in Staves
  1291 | D:7      | Reached skill level 3 in Slings
  1291 | D:7      | Reached skill level 3 in Bows
  1291 | D:7      | Reached skill level 3 in Crossbows
  1291 | D:7      | Reached skill level 3 in Throwing
  1291 | D:7      | Reached skill level 3 in Armour
  1291 | D:7      | Reached skill level 3 in Shields
  1291 | D:7      | Reached skill level 3 in Unarmed Combat
  1291 | D:7      | Reached skill level 6 in Spellcasting
  1291 | D:7      | Reached skill level 3 in Evocations
  1292 | D:7      | Noticed a wizard
  1295 | D:7      | Noticed an orc sorcerer
  1297 | D:7      | Noticed a rust devil
  1298 | D:7      | Killed from afar by a wizard

Vault maps used:
D:1:      lemuel_arrival_behind_the_door_small, serial_glass, glass_columns_b,
          glass_columns_a, wad_floor_pattern_untrapped
D:2:      first_ration, minmay_pentomino_q2
D:3:      lemuel_coloured_pillars_altar, uniq_terence, uniq_robin
D:4:      lemuel_doored_altar, kennysheep_nondescript, minmay_item_behind_shaft
D:6:      nicolae_overflow_crystal_walls, serial_shops, nicolae_shop_waterfront
D:7:      cheibrodos_wizards_tower, old_standard_altar,
          minmay_temple_entry_junction, uniq_pikel

Skill      XL: |  1  2  3  4  5  6  7  8 |
---------------+-------------------------+-----
Transmutations | 2 3 |  3.5
Spellcasting   | 5 6 |  6.1
Invocations    | 1 2 3 |  3.7
Fighting       | 1 2 3 |  3.4
Short Blades   | 1 2 3 |  3.4
Long Blades    | 1 2 3 |  3.4
Axes           | 1 2 3 |  3.4
Maces & Flails | 1 2 3 |  3.4
Polearms       | 1 2 3 |  3.4
Staves         | 1 2 3 |  3.4
Slings         | 1 2 3 |  3.4
Bows           | 1 2 3 |  3.4
Crossbows      | 1 2 3 |  3.4
Throwing       | 1 2 3 |  3.4
Armour         | 1 2 3 |  3.4
Shields        | 1 2 3 |  3.4
Unarmed Combat | 1 2 3 |  3.4
Evocations     | 1 2 3 |  3.4
Conjurations   | 1 2 |  2.7
Hexes          | 1 2 |  2.7
Charms         | 1 2 |  2.7
Summonings     | 1 2 |  2.7
Necromancy     | 1 2 |  2.7
Translocations | 1 2 |  2.7
Fire Magic     | 1 2 |  2.7
Ice Magic      | 1 2 |  2.7
Air Magic      | 1 2 |  2.7
Poison Magic   | 1 2 |  2.7
Dodging        | 5 |  5.7
Stealth        | 5 |  5.4
Earth Magic    | 6 |  6.2

Action                   |  1- 3 |  4- 6 |  7- 9 || total
-------------------------+-------+-------+-------++-------
Melee: Dagger            |    10 |       |       ||    10
       Bite              |     1 |     3 |     3 ||     7
       Flail             |     1 |     3 |       ||     4
       Short sword       |       |    23 |    20 ||    43
       Punch             |       |       |     3 ||     3
Throw: Stone             |       |     1 |       ||     1
 Cast: Sandblast         |    26 |    45 |    46 ||   117
       Passwall          |       |     6 |     4 ||    10
  Use: Scroll            |     1 |       |     5 ||     6
 Stab: Sleeping          |       |     2 |     1 ||     3
  Eat: Chunk             |       |       |     1 ||     1
Armor: Robe              |     6 |    14 |     6 ||    26
Dodge: Dodged            |    21 |    32 |    26 ||    79

Table legend:
 A = Spawn XP
 B = Non-spawn XP
 C = Spawn XP percentage of total XP
 D = Spawn monster count
 E = Non-spawn monster count
 F = Spawn count percentage of total count
 G = Total turns spent on level
                    A         B        C        D         E        F      G
               +---------+---------+-------+---------+---------+-------+---------
         Total |       0 |    1959 |   0.0 |       0 |      77 |   0.0 |  1298
               +---------+---------+-------+---------+---------+-------+---------
           D:1 |       0 |      10 |   0.0 |       0 |       6 |   0.0 |   132
           D:2 |       0 |     159 |   0.0 |       0 |      16 |   0.0 |   250
           D:3 |       0 |     229 |   0.0 |       0 |      23 |   0.0 |   276
           D:4 |       0 |     294 |   0.0 |       0 |      14 |   0.0 |   235
           D:6 |       0 |     344 |   0.0 |       0 |       9 |   0.0 |   169
           D:7 |       0 |     923 |   0.0 |       0 |       9 |   0.0 |   236
               +---------+---------+-------+---------+---------+-------+---------

Table legend:
 A = Turns spent in this place as a percentage of turns spent in the entire game.
 B = Non-inter-level travel turns spent in this place as a percentage of non-inter-level travel turns spent in the entire game.
 C = Inter-level travel turns spent in this place as a percentage of turns spent in this place.
 D = Turns resting spent in this place as a percentage of non-inter-level travel turns spent in this place.
 E = Turns spent auto-exploring this place as a percentage of non-inter-level travel turns spent in this place.
 F = Non-inter-level travel turns spent in this place divided by the number of levels of this place that you've seen.
                   A       B       C       D       E      F
               +-------+-------+-------+-------+-------+----------------------
         Total | 100.0 | 100.0 |   0.0 |   0.2 |   0.0 | 216.3
       Dungeon | 100.0 | 100.0 |   0.0 |   0.2 |   0.0 | 216.3
               +-------+-------+-------+-------+-------+----------------------

Table legend:
 A = Kills in this place as a percentage of kills in entire the game.
 B = Kills by you in this place as a percentage of kills by you in the entire game.
 C = Kills by friends in this place as a percentage of kills by friends in the entire game.
 D = Other kills in this place as a percentage of other kills in the entire game.
 E = Experience gained in this place as a percentage of experience gained in the entire game.
 F = Experience gained in this place divided by the number of levels of this place that you have seen.
                   A       B       C       D       E      F
               +-------+-------+-------+-------+-------+----------------------
         Total | 100.0 | 100.0 |   N/A |   N/A | 100.0 | 326.5
       Dungeon | 100.0 | 100.0 |   N/A |   N/A | 100.0 | 326.5
               +-------+-------+-------+-------+-------+----------------------

Vault maps used:
D:1:      lemuel_arrival_behind_the_door_small, serial_glass, glass_columns_b,
          glass_columns_a, wad_floor_pattern_untrapped
D:2:      first_ration, minmay_pentomino_q2
D:3:      lemuel_coloured_pillars_altar, uniq_terence, uniq_robin
D:4:      lemuel_doored_altar, kennysheep_nondescript, minmay_item_behind_shaft
D:6:      nicolae_overflow_crystal_walls, serial_shops, nicolae_shop_waterfront
D:7:      cheibrodos_wizards_tower, old_standard_altar,
          minmay_temple_entry_junction, uniq_pikel
